 Dungeon Crawl Stone Soup version 0.24-a0-335-g06ca16a (webtiles) character file.

Game seed: 4006186616350950235

907 sking99 the Cleaver (level 8, -1/73 HPs)
             Began as a Hill Orc Monk on May 19, 2019.
             Slain by an ice beast (13 damage)
             ... on level 5 of the Dungeon.
             The game lasted 00:09:32 (5213 turns).

sking99 the Cleaver (Hill Orc Monk)                 Turns: 5213, Time: 00:09:32

Health: -1/73      AC: 21    Str: 16    XL:     8   Next: 8%
Magic:  8/8        EV:  5    Int: 10    God:
Gold:   229        SH:  0    Dex: 13    Spells: 7/7 levels left

rFire    . . .     SeeInvis .   a - +0 hand axe
rCold    . . .     Gourm    .   (no shield)
rNeg     . . .     Faith    .   s - +10 plate armour {ponderous}
rPois    .         Spirit   .   (no helmet)
rElec    .         Reflect  .   p - +0 cloak
rCorr    .         Harm     .   (no gloves)
MR       .....                  (no boots)
Stlth    ..........             (no amulet)
HPRegen  0.22/turn              (no ring)
MPRegen  0.11/turn              (no ring)

@: about to teleport, slow
A: no striking features
a: no special abilities


You were on level 5 of the Dungeon.
You were not hungry.

You visited 1 branch of the dungeon, and saw 5 of its levels.

You collected 229 gold pieces.

Inventory:

Hand Weapons
 a - a +0 hand axe (weapon)
Armour
 b - a +0 robe
 k - a +1 ring mail of cold resistance
 p - a +0 cloak (worn)
 s - a +10 plate armour of ponderousness (worn)
Jewellery
 d - an uncursed ring of positive energy {unknown}
 g - a +5 ring of strength {unknown}
 r - an uncursed ring of protection from cold {unknown}
 u - a cursed ring of attention {unknown}
Scrolls
 e - 3 scrolls of remove curse
 f - 2 scrolls of identify
 h - 5 scrolls of teleportation
 l - a scroll of random uselessness {unknown}
 o - 2 scrolls of noise {unknown}
 q - 2 scrolls of blinking {unknown}
 w - a scroll of fog {unknown}
Potions
 j - 2 potions of brilliance
 m - a potion of agility {unknown}
 n - 2 potions of flight
 t - a potion of curing
 v - a potion of degeneration {unknown}
 x - a potion of might {unknown}
Comestibles
 c - 6 rations


   Skills:
 + Level 7.1 Fighting
 * Level 10.3 Axes
 - Level 2.4 Dodging
 - Level 1.5 Stealth


You had 7 spell levels left.
You didn't know any spells.
Your spell library was empty.

Dungeon Overview and Level Annotations

Branches:
Dungeon (5/15)
 Temple: D:4-7

Altars:
Ashenzari

Shops:
D:4 [

Annotations:
D:4 Prince Ribbit


Message History

The ice beast hits you but does no damage.
You hit something but do no damage.
Your plate armour prevents you from hitting the ice beast.
Something hits you but does no damage.
You hit something.
Reactivating autopickup.
You feel a bit more experienced.
You closely miss the ice beast. The ice beast hits you.
The ice beast freezes you!
* * * LOW HITPOINT WARNING * * *
The jackal skeleton bites you but does no damage.
The ice beast hits you but does no damage.
The jackal skeleton barely misses you.
Things that are here:
a +0 dagger; a +0 robe
Okay, then.
As you read the scroll of teleportation, it crumbles to dust.
You feel strangely unstable. The ice beast hits you.
* * * LOW HITPOINT WARNING * * *
The ice beast freezes you!
You die...

# #### . # ....##. #
.....# #. # # #.#.## ...
## .#.# ....# ##.## #.
.....##..# #...# #.
#.....Z## #...# #.
#...oY@### #...# #.
#....#.).# #...# #)
.....#.###..#####...#####.
......# ##...........)...
..##.# ##.............. .
#. #..............# #
#..#####...###### #...
#...# #.### #...#


You could see an ice beast, an orc and a jackal skeleton.

Vanquished Creatures
  A hungry ghost (D:3)
  3 ogres
  2 scorpions (D:4)
  A centaur zombie (D:5)
  2 hounds (D:4)
  4 orc wizards
  3 iguanas
  4 adders
  3 gnolls (D:3)
  A shadow imp (D:5)
  An ooze (D:2)
  2 dart slugs (D:1)
  3 leopard geckos
  6 orcs
  5 bats
  4 giant cockroaches
  2 goblins (D:1)
  2 hobgoblins
  2 jackals
  7 kobolds
  A quokka (D:4)
  A ball python (D:1)
  2 frilled lizards
  A quokka skeleton (D:4)
  15 rats
78 creatures vanquished.

Notes
Turn   | Place    | Note
-------+----------+-------------------------------------------
     0 | D:1      | sking99 the Hill Orc Monk began the quest for the Orb.
     0 | D:1      | Reached XP level 1. HP: 19/19 MP: 1/1
   131 | D:1      | Reached XP level 2. HP: 11/27 MP: 2/2
   939 | D:1      | Reached skill level 5 in Axes
  1008 | D:1      | Reached XP level 3. HP: 33/33 MP: 3/3
  1769 | D:3      | Reached XP level 4. HP: 37/41 MP: 4/4
  1815 | D:3      | Noticed a hungry ghost
  1968 | D:3      | Found a shattered altar of Ashenzari.
  1976 | D:3      | Reached skill level 6 in Axes
  2258 | D:3      | Killed a hungry ghost
  2258 | D:3      | Reached skill level 5 in Fighting
  2258 | D:3      | Reached skill level 7 in Axes
  2258 | D:3      | Reached XP level 5. HP: 18/48 MP: 5/5
  2258 | D:3      | Reached XP level 6. HP: 21/56 MP: 6/6
  3335 | D:4      | Reached skill level 8 in Axes
  3594 | D:4      | Found Jaorofab's Antique Armour Shoppe.
  3674 | D:4      | Reached XP level 7. HP: 60/63 MP: 7/7
  3896 | D:4      | Reached skill level 9 in Axes
  4558 | D:5      | Entered Level 5 of the Dungeon
  4601 | D:5      | Reached skill level 10 in Axes
  4861 | D:5      | Noticed Prince Ribbit
  5187 | D:5      | Reached XP level 8. HP: 43/73 MP: 8/8
  5213 | D:5      | Slain by an ice beast

Levels and vault maps discovered:
D:1:      lightli_arrival_maybe_door_vault, layout_basic,
          minmay_rat_gold_closets
D:2:      wander_river, layout_basic
D:3:      layout_basic, nicolae_ashenzari_panopticon
D:4:      layout_basic, serial_shops, nicolae_shop_behind_doors, first_ration
D:5:      layout_loops_cross, hangedman_decor_points, uniq_prince_ribbit1

Skill      XL: |  1  2  3  4  5  6  7 |
---------------+----------------------+-----
Fighting       | 4 5 6 7 |  7.1
Axes           | 5 7 8 10 | 10.3
Dodging        | |  2.4
Stealth        | |  1.5

Action                   |  1- 3 |  4- 6 |  7- 9 || total
-------------------------+-------+-------+-------++-------
Melee: Hand axe          |    99 |   139 |   188 ||   426
  Use: Scroll            |       |     5 |     3 ||     8
       Potion            |       |       |     1 ||     1
 Stab: Sleeping          |     4 |       |       ||     4
  Eat: Chunk             |     3 |     1 |     5 ||     9
       Ration            |       |     4 |     1 ||     5
Armor: Robe              |     7 |       |       ||     7
       Ring mail         |    17 |    27 |       ||    44
       Plate armour      |       |    47 |   144 ||   191
Dodge: Dodged            |    50 |    87 |    38 ||   175

Table legend:
 A = Non-vault XP
 B = Vault XP
 C = Vault XP percentage of total XP
 D = Non-vault monster count
 E = Vault monster count
 F = Vault count percentage of total count
                 A         B        C        D         E       F
            +---------+---------+-------+---------+---------+-------
      Total |    1288 |       8 |   0.6 |      70 |       8 |  10.3
            +---------+---------+-------+---------+---------+-------
        D:1 |      28 |       8 |  22.2 |      15 |       8 |  34.8
        D:2 |      35 |       0 |   0.0 |      10 |       0 |   0.0
        D:3 |     329 |       0 |   0.0 |      22 |       0 |   0.0
        D:4 |     541 |       0 |   0.0 |      13 |       0 |   0.0
        D:5 |     355 |       0 |   0.0 |      10 |       0 |   0.0
            +---------+---------+-------+---------+---------+-------
